 Dungeon Crawl Stone Soup version 0.28.0-45-g0d030f2227 (webtiles) character file.

Game seed: 16454460700830159545

18 zeratav the Insei (level 2, -4/18 HPs)
             Began as an Octopode Transmuter on Apr 5, 2022.
             Slain by a worm (9 damage)
             ... on level 2 of the Dungeon.
             The game lasted 00:01:29 (1284 turns).

zeratav the Insei (Octopode Transmuter)             Turns: 1284, Time: 00:01:30

Health: -4/18      AC:  1    Str:  9    XL:     2   Next: 70%
Magic:  4/5        EV: 13    Int: 15    God:
Gold:   31         SH:  0    Dex: 12    Spells: 4/5 levels left

rFire   . . .      SeeInvis .     - Unarmed
rCold   . . .      Faith    .   (no shield)
rNeg    . . .      Spirit   .   (helmet currently unavailable)
rPois   .          Reflect  .   (no amulet)
rElec   .          Harm     .   (no ring)
rCorr   .          Rampage  .   (no ring)
Will    .....                   (no ring)
Stlth   ++........              (no ring)
HPRegen 0.06/turn               (no ring)
MPRegen 0.09/turn               (no ring)
                                (no ring)
                                (no ring)

@: appendages (expiring)
A: tentacle spike 3, almost no armour, amphibious, 8 rings, camouflage 1,
gelatinous body 1, (nimble swimmer 1), tentacles
a: End Transformation


You were on level 2 of the Dungeon.
One of your tentacles had grown a beastly spike.
You visited 1 branch of the dungeon, and saw 2 of its levels.

You collected 31 gold pieces.

Inventory:

Hand Weapons
 a - a +1 whip of electrocution
Scrolls
 f - a scroll of noise {unknown}
Potions
 b - a potion of resistance {unknown}
 c - a potion of cancellation {unknown}
 d - a potion of ambrosia {unknown}
 e - a potion of lignification {unknown}


   Skills:
 * Level 1.4 Fighting
 * Level 2.3 Dodging
 * Level 3.2 Unarmed Combat
 - Level 2.1 Spellcasting
 + Level 2.2 Transmutations
 + Level 0.1 Ice Magic


You had 4 spell levels left.
You knew the following spells:

 Your Spells              Type           Power      Damage    Failure   Level
a - Beastly Appendage     Tmut           16%        N/A       9%          1

Your spell library contained the following spells:

 Spells                   Type           Power      Damage    Failure   Level
 Wereblood                Tmut           8%         N/A       13%         2
 Sublimation of Blood     Necr           1%         N/A       32%         2
 Spider Form              Tmut/Pois      4%         N/A       38%         3
 Ice Form                 Ice/Tmut       5%         N/A       80%         4
 Petrify                  Tmut/Erth      4%         N/A       80%         4
 Irradiate                Conj/Tmut      2%         3d14      98%         5


Dungeon Overview and Level Annotations

Branches:
Dungeon (2/15)

Altars:


Innate Abilities, Weirdness & Mutations

One of your tentacles has grown a beastly spike.
You cannot wear most types of armour.
You are amphibious.
You can wear up to eight rings at the same time.
Your skin changes colour to match your surroundings (Stealth+).
Your rubbery body absorbs attacks. (AC +1, EV +1)
((You are camouflaged when in or above water. (Stealth+)))
You have tentacles for arms and can constrict up to eight enemies at once.


Message History

A goblin and a kobold come into view.
The goblin shouts!
You extend your transformation's duration.
There is an open door here.
A worm comes into view.
The kobold completely misses you. The goblin barely misses you.
You completely miss the goblin. You grab the goblin.
You pierce the goblin.
You kill the goblin!
The kobold hits you with a +0 short sword.
You closely miss the kobold. Your grab misses the kobold.
You squeeze the kobold.
You kill the kobold!
Found 20 stones.
Things that are here:
a +0 short sword; a kobold corpse Your transformation is almost over.
The worm bites you!
Ouch! That really hurt!
* * * LOW HITPOINT WARNING * * *
You are too injured to fight recklessly!
You are too injured to fight recklessly!
You are too injured to fight recklessly!
You are too injured to fight recklessly!
You are too injured to fight recklessly!
You are too injured to fight recklessly!
You are too injured to fight recklessly!
You are too injured to fight recklessly!
You are too injured to fight recklessly!
You are too injured to fight recklessly!
You are too injured to fight recklessly!
You are too injured to fight recklessly!
You tentacle-slap the worm. Your grab misses the worm.
You pierce the worm, but do no damage.
The worm is moderately wounded.
You barely miss the worm. Your grab misses the worm.
You pierce the worm, but do no damage.
The worm is moderately wounded.
The worm bites you!
Ouch! That really hurt!
You die...

##########
#........#
#..(.....#
#........##
#..........
#..........
#..w.......
#..@.......
#..........
+.)).......
#..........
###'#####..
#....# . #....#
###....##########
#.......##......#


You could see a worm.

Vanquished Creatures
  3 bats (D:1)
  2 endoplasms (D:1)
  4 goblins
  3 ball pythons
  A frilled lizard (D:1)
  2 kobolds
  2 rats (D:2)
17 creatures vanquished.

Notes
Turn   | Place    | Note
-------+----------+-------------------------------------------
     0 | D:1      | zeratav the Octopode Transmuter began the quest for the
                  | Orb.
     0 | D:1      | Reached XP level 1. HP: 13/13 MP: 3/3
   211 | D:1      | Reached XP level 2. HP: 18/18 MP: 3/5
   656 | D:1      | Found a faded altar of an unknown god.
  1284 | D:2      | Slain by a worm

Illustrated notes

Levels and vault maps discovered:
D:1:      minmay_arrival_nine_rooms, layout_loops_ring,
          chequers_ecumenical_altar_simple, minmay_misc_feat_cross
D:2:      layout_basic, uniq_terence, uniq_robin, uniq_natasha

Action                   || total
-------------------------++-------
Melee: Unarmed           ||    28
       Constrict         ||    11
       Kick              ||    11
       Tentacles         ||     6
 Cast: Beastly Appendage ||    19
 Stab: Sleeping          ||     2
Armor: Skin              ||     1
Dodge: Dodged            ||     8
